 Dungeon Crawl Stone Soup version 0.25.0 (webtiles) character file.

Game seed: 1276788418863847686

54993 MDvedh the Tortoise (level 14, -1/133 HPs)
             Began as a Minotaur Berserker on June 12, 2020.
             Was a High Priest of Trog.
             Slain by an orc knight
             ... wielding a +0 dire flail
              (33 damage)
             ... on level 1 of the Orcish Mines.
             The game lasted 00:29:58 (20530 turns).

MDvedh the Tortoise (Minotaur Berserker)           Turns: 20530, Time: 00:29:58

Health: -1/133     AC: 24    Str: 35    XL:     14   Next: 36%
Magic:  13/13      EV: 17    Int:  4    God:    Trog [*****.]
Gold:   1897       SH:  5    Dex: 14    Spells: 13/13 levels left

rFire    . . .     SeeInvis .   B - +0 war axe (vorpal)
rCold    + . .     Gourm    .   (no shield)
rNeg     . . .     Faith    .   t - +0 chain mail
rPois    +         Spirit   .   (helmet unavailable)
rElec    .         Reflect  +   v - +0 cloak
rCorr    .         Harm     .   y - +2 pair of gloves {archery}
MR       +....                  C - +2 pair of boots of Lithrejoc {+Blink rC+ Str+3 Dex-3}
Stlth    ..........             X - amulet of reflection
HPRegen  0.32/turn              M - +6 ring of dexterity
MPRegen  0.13/turn              P - +6 ring of strength

@: no status effects
A: retaliatory headbutt, horns 3, repulsion field 1, molten scales 1, camouflage
1, poison resistance, wild magic 1, MP-powered wands
a: Berserk, Trog's Hand, Brothers in Arms, Renounce Religion, Evoke Blink


You were on level 1 of the Orcish Mines.
You worshipped Trog.
Trog was extremely pleased with you.
You were not hungry.

You visited 3 branches of the dungeon, and saw 19 of its levels.
You also visited: Gauntlet.

You collected 2077 gold pieces.
You spent 180 gold pieces at shops.

Inventory:

Hand Weapons
 a - a +6 double sword of holy wrath
 b - a +0 scimitar of flaming
 x - the +8 demon trident "Rift" {distort, reach+}
   (You found it on level 6 of the Lair of Beasts)

   It warps and distorts space around it.
   Unwielding it can cause banishment or high damage.
 B - a +0 vorpal war axe (weapon)
Armour
 t - a +0 chain mail (worn)
 v - a +0 cloak (worn)
 y - a +2 pair of gloves of archery (worn)
 C - the +2 pair of boots of Lithrejoc (worn) {+Blink rC+ Str+3 Dex-3}
   (You found it in a Gauntlet)

   It affects your strength (+3).
   It affects your dexterity (-3).
   It protects you from cold.
   It lets you blink.
Jewellery
 f - an uncursed amulet of the acrobat
 F - an uncursed ring of magical power
 G - an uncursed ring of poison resistance
 H - an uncursed ring of flight
 M - a +6 ring of dexterity (left hand)
 P - a +6 ring of strength (right hand)
 R - an uncursed ring of protection from fire
 X - an amulet of reflection (around neck)
 Y - an uncursed ring of teleportation
 Z - an uncursed ring of protection from magic
Wands
 p - a wand of random effects (43)
 w - a wand of digging (6)
 z - a wand of clouds (5)
 A - a wand of paralysis (5)
 O - a wand of flame (15)
 U - a wand of acid (7)
 V - a wand of disintegration (17)
Scrolls
 k - a scroll of magic mapping
 l - a scroll of remove curse
 m - 8 scrolls of teleportation
 n - 2 scrolls of enchant armour
 r - 3 scrolls of fear
 s - 3 scrolls of amnesia
 u - 3 scrolls of blinking
Potions
 d - 8 potions of lignification
 e - 2 potions of brilliance
 g - 4 potions of heal wounds
 h - a potion of ambrosia
 i - 9 potions of flight
 j - 2 potions of curing
 o - 2 potions of resistance
 q - 2 potions of invisibility
 D - 2 potions of might
 E - 2 potions of berserk rage
 K - 3 potions of haste
 L - a potion of mutation
Comestibles
 c - 31 rations


   Skills:
 - Level 14.6 Fighting
 + Level 10.8 Long Blades
 - Level 14.5 Axes
 - Level 16.0 Armour
 - Level 9.1 Dodging
 - Level 2.9 Stealth


You had 13 spell levels left.
You didn't know any spells.
Your spell library was empty.

Dungeon Overview and Level Annotations

Branches:
Dungeon (11/15)            Temple (0/1) D:4            Lair (6/6) D:10
 Shoals (0/4) Lair:4        Snake (0/4) Lair:4        Slime (0/5) Lair:6
    Orc (2/2) D:9             Elf (0/3) Orc:2       Gauntlet (visited)

Altars:
Cheibriados
Makhleb
Nemelex Xobeh
Wu Jian
Beogh

Shops:
D:4 !   D:5 *   Orc:2 ?

Annotations:
D:4 1 runed translucent door, sentinel's ghost, amateur GrFi
Lair:6 exclusion: oklob plant
Orc:2 Saint Roka


Innate Abilities, Weirdness & Mutations

You reflexively headbutt those who attack you in melee.
You have a pair of large horns on your head.
You are surrounded by a mild repulsion field. (EV +2)
You are partially covered in molten scales. (AC +2)
Your skin changes colour to match your surroundings (Stealth+).
Your system is resistant to poisons. (rPois)
Your spells are a little harder to cast, but a little more powerful.
You expend magic power (3 MP) to strengthen your wands.


Message History

Unknown command.
Saint Roka invokes the aid of Beogh against you.
Beogh smites you!
* * * LOW HITPOINT WARNING * * *
The orc knight misses you.
You climb upwards.
There is a stone staircase leading down here.
Unknown command.
Unknown command.
You closely miss the orc knight.
The orc knight is heavily wounded.
You slice the orc warrior!!
You kill the orc warrior!
Trog accepts your kill.
Unknown command.
You hit the orc knight but do no damage.
You headbutt the orc knight, but do no damage.
The orc knight is heavily wounded.
The orc knight hits you with a +0 dire flail!!
You die...

####......'))...........
##.#.......#8).......#.).
##.......######.......##..
#.........#.#..8####.###..
##..........^##########)).
#..............#.#......))
##...............##.#(#...
##...#^..........####....
#......o@....).))##......
##.....).......)).....)..
##.............#......#()
#...#.........###.#..#.)(
#...#....#.#.## ##...).))
##.#.#.####### ##.#....
##.....# ##..(.. ##.#.##
#...#.# ##...# ##.####


You could see an orc knight (strong).

Vanquished Creatures
  An orc warlord (Orc:1)
  A minotaur (Gauntlet)
  Harold (D:8)
  5 hydras
  Erica (D:9)
  An orc high priest (Orc:1)
  A thrashing horror (Gauntlet)
  A deep elf archer (Orc:1)
  Pikel (D:8)
  4 orc knights
  2 deep elf magi (Orc:1)
  2 orc sorcerers (Orc:1)
  A manticore (Lair:6)
  4 black mambas
  A merfolk siren (Lair:4)
  Joseph (D:7)
  A rust devil (Gauntlet)
  Maurice (D:8)
  7 elephants
  Maggie (D:8)
  A gargoyle (D:10)
  10 spiny frogs
  4 rime drakes
  6 komodo dragons
  3 merfolk (Lair:4)
  5 polar bears
  2 queen bees (Lair:6)
  2 ice devils (Lair:2)
  4 trolls
  3 hornets
  4 meliai (Lair:6)
  12 blink frogs
  3 slime creatures (D:10)
  Grinder (D:5)
  9 dream sheep (Lair:6)
  4 hippogriffs
  Sigmund (D:5)
  19 yaks
  4 hogs (D:10)
  6 wyverns
  A wraith (D:11)
  A ynoxinul (Gauntlet)
  A fire elemental (Lair:4)
  A large abomination (Gauntlet)
  2 basilisks
  A human (D:10)
  Grum (Lair:1)
  Eustachio (D:5)
  6 wargs
  A steam dragon (D:9)
  Menkaure (D:7)
  2 nagas (Lair:4)
  12 water moccasins
  7 small abominations (Gauntlet)
  3 porcupines
  29 orc warriors
  2 sky beasts
  A black bear (D:9)
  An ice beast (D:5)
  A phantom (D:5)
  2 slaves (D:8)
  7 wolves
  8 centaurs
  7 ogres
  11 crocodiles
  9 bullfrogs
  A wyvern skeleton (D:7)
  3 scorpions
  24 killer bees (Lair:6)
  4 wights (D:9)
  2 howler monkeys
  3 electric eels
  A lava snake (Lair:4)
  5 crimson imps
  3 hounds
  A bullfrog zombie (D:9)
  5 jellies
  14 orc priests
  Crazy Yiuf (D:5)
  2 bullfrog skeletons (D:8)
  2 iron imps (Gauntlet)
  15 orc wizards
  Terence (D:3)
  2 iguanas
  5 worker ants
  7 hell rats (Lair:6)
  A hound skeleton (D:9)
  14 adders
  14 gnolls
  2 shadow imps
  2 oozes
  2 adder zombies (D:5)
  An adder skeleton (D:4)
  6 leopard geckos
  69 orcs
  9 bats
  6 giant cockroaches
  9 goblins
  12 hobgoblins
  4 quokkas
  2 frilled lizards (D:1)
  14 kobolds
  A quokka zombie (D:9)
  3 rats (D:2)
  4 fungi
536 creatures vanquished.

Vanquished Creatures (collateral kills)
  The ghost of Sedillia the Cleaver, a journeyman DDFi of Makhleb (Lair:6)
  A merfolk avatar (Lair:6)
  An orc knight (Orc:2)
  An elephant (Lair:6)
  A rime drake (Lair:6)
  A spiny frog (Lair:6)
  A wind drake (Lair:6)
  A hornet (Lair:6)
  2 crocodiles (Lair:6)
  4 killer bees (Lair:6)
  3 orcs (Orc:2)
17 creatures vanquished.

Vanquished Creatures (others)
  An orc wizard (D:5)
  An orc (D:9)
  4 fungi
  8 plants
14 creatures vanquished.

Grand Total: 567 creatures vanquished

Notes
Turn   | Place    | Note
-------+----------+-------------------------------------------
     0 | D:1      | MDvedh the Minotaur Berserker began the quest for the Orb.
     0 | D:1      | Reached XP level 1. HP: 19/19 MP: 0/0
   242 | D:1      | Reached XP level 2. HP: 27/27 MP: 1/1
   717 | D:2      | Reached XP level 3. HP: 34/34 MP: 2/2
   735 | D:2      | Reached ** piety under Trog
  1079 | D:2      | Reached XP level 4. HP: 41/41 MP: 3/3
  1646 | D:2      | Reached skill level 5 in Fighting
  1859 | D:2      | Found an ornate altar of the Wu Jian Council.
  1909 | D:3      | Reached XP level 5. HP: 12/48 MP: 4/4
  1909 | D:3      | HP: 2/72 [orc/boomerang (3)]
  1910 | D:3      | Reached skill level 5 in Axes
  1928 | D:2      | HP: 1/48 [orc wizard/magic dart (6)]
  1930 | D:2      | Reached skill level 1 in Stealth
  2123 | D:3      | Reached *** piety under Trog
  2613 | D:3      | Noticed Terence
  2628 | D:3      | Killed Terence
  2628 | D:3      | Reached XP level 6. HP: 56/56 MP: 5/5
  3218 | D:4      | Found Ruavimug's Distillery.
  3373 | D:4      | Bought 2 potions of degeneration for 20 gold pieces
  3373 | D:4      | Bought a potion of heal wounds for 50 gold pieces
  3918 | D:4      | Found a staircase to the Ecumenical Temple.
  3925 | D:4      | Reached skill level 3 in Armour
  4031 | D:4      | Noticed sentinel's ghost (amateur GrFi)
  4032 | D:4      | Found a runed translucent door.
  4182 | D:5      | Entered Level 5 of the Dungeon
  4195 | D:5      | Noticed Eustachio
  4217 | D:5      | Killed Eustachio
  4217 | D:5      | Reached XP level 7. HP: 41/62 MP: 6/6
  4681 | D:5      | Found a runed translucent door.
  4682 | D:5      | Noticed Crazy Yiuf
  4766 | D:5      | Reached skill level 4 in Armour
  4859 | D:5      | Noticed Sigmund
  4868 | D:5      | Killed Sigmund
  4993 | D:5      | Reached XP level 8. HP: 70/70 MP: 7/7
  5033 | D:5      | Reached skill level 5 in Armour
  5165 | D:5      | Noticed Grinder
  5179 | D:5      | Killed Grinder
  5199 | D:5      | Found Doewnuem's Assorted Antiques.
  5221 | D:5      | Bought a scroll labeled NURAAMMIEV for 22 gold pieces
  5221 | D:5      | Bought a scroll labeled LUZYTSA ZECW for 22 gold pieces
  5221 | D:5      | Bought a scroll labeled IMI UBROPLUWKO for 22 gold pieces
  5221 | D:5      | Bought a scroll labeled NURAAMMIEV for 22 gold pieces
  5221 | D:5      | Bought a scroll labeled IMI UBROPLUWKO for 22 gold pieces
  5234 | D:5      | Gained mutation: You are partially covered in molten
                  | scales. (AC +2) [potion of mutation]
  5234 | D:5      | Gained mutation: Your spells are a little harder to cast,
                  | but a little more powerful. [potion of mutation]
  5234 | D:5      | Gained mutation: You occasionally shout uncontrollably at
                  | your foes. [potion of mutation]
  5234 | D:5      | Gained mutation: Your skin changes colour to match your
                  | surroundings (Stealth+). [potion of mutation]
  5542 | D:5      | Reached skill level 6 in Armour
  5542 | D:5      | Reached skill level 5 in Dodging
  5546 | D:5      | Reached **** piety under Trog
  6004 | D:5      | Killed Crazy Yiuf
  6004 | D:5      | Reached XP level 9. HP: 79/79 MP: 8/8
  6149 | D:6      | Found a burning altar of Makhleb.
  6331 | D:6      | Reached skill level 10 in Axes
  6514 | D:6      | Reached skill level 7 in Armour
  6718 | D:7      | Noticed Joseph
  6728 | D:7      | Killed Joseph
  6735 | D:7      | Lost mutation: You occasionally shout uncontrollably at
                  | your foes. [potion of mutation]
  6735 | D:7      | Gained mutation: You are surrounded by a mild repulsion
                  | field. (EV +2) [potion of mutation]
  6735 | D:7      | Gained mutation: You evolve. [potion of mutation]
  6735 | D:7      | Gained mutation: You have a pair of large horns on your
                  | head. [potion of mutation]
  6796 | D:7      | Noticed Menkaure
  6803 | D:7      | Killed Menkaure
  6849 | D:7      | Found a sparkling altar of Nemelex Xobeh.
  7399 | D:8      | Noticed Maggie
  7408 | D:8      | Killed Maggie
  7408 | D:8      | Reached skill level 8 in Armour
  7423 | D:8      | Noticed Pikel
  7426 | D:8      | Noticed Maurice
  7432 | D:8      | Killed Pikel
  7432 | D:8      | Reached XP level 10. HP: 90/90 MP: 9/9
  7440 | D:8      | Killed Maurice
  7563 | D:8      | Noticed Harold
  7578 | D:8      | Killed Harold
  7771 | D:8      | Gained mutation: Your system is resistant to poisons.
                  | (rPois) [evolution]
  7996 | D:8      | Reached skill level 9 in Armour
  8592 | D:9      | Found a roughly hewn altar of Beogh.
  8592 | D:9      | Found a staircase to the Orcish Mines.
  8602 | D:9      | Reached ***** piety under Trog
  8611 | D:9      | Found a snail-covered altar of Cheibriados.
  9083 | D:9      | Noticed Erica
  9109 | D:9      | Killed Erica
  9414 | D:10     | Entered Level 10 of the Dungeon
  9477 | D:10     | Found the +9 staff of Olgreb {rPois∞}
  9482 | D:10     | Reached XP level 11. HP: 97/97 MP: 10/10
  9484 | D:10     | Reached skill level 10 in Armour
  9535 | D:10     | Found a staircase to the Lair.
  9763 | D:10     | Reached skill level 10 in Fighting
  9999 | Lair:1   | Entered Level 1 of the Lair of Beasts
 10014 | Lair:1   | Reached skill level 11 in Armour
 11021 | Lair:1   | Noticed Grum
 11037 | Lair:1   | Killed Grum
 11491 | Lair:2   | Found a gate leading to a gauntlet.
 11527 | Gauntlet | Entered a Gauntlet
 11527 | Gauntlet | Found a transporter.
 11538 | Gauntlet | Found a transporter.
 11538 | Gauntlet | Noticed a fire crab
 11551 | Gauntlet | Found a transporter.
 11558 | Gauntlet | Found a transporter.
 11606 | Gauntlet | Found a transporter.
 11606 | Gauntlet | Found a transporter.
 11608 | Gauntlet | Found a transporter.
 11626 | Gauntlet | Found a transporter.
 11636 | Gauntlet | Found a transporter.
 11653 | Gauntlet | Found a transporter.
 11705 | Gauntlet | Reached skill level 12 in Armour
 11737 | Gauntlet | Found a transporter.
 11742 | Gauntlet | Found a transporter.
 11837 | Gauntlet | Found a transporter.
 11838 | Gauntlet | Noticed a thrashing horror
 11838 | Gauntlet | Noticed a death yak
 11838 | Gauntlet | Noticed a death yak
 11838 | Gauntlet | Noticed a death yak
 11838 | Gauntlet | Noticed a death yak
 11845 | Gauntlet | Noticed a death yak
 11846 | Gauntlet | Killed a thrashing horror
 11847 | Gauntlet | Noticed a death yak
 11851 | Gauntlet | Got a pair of warped boots
 11883 | Gauntlet | Identified the +2 pair of boots of Lithrejoc {+Blink rC+
                  | Str+3 Dex-3} (You found it in a Gauntlet)
 11886 | Gauntlet | Found a transporter.
 11893 | Gauntlet | Noticed a minotaur
 11901 | Gauntlet | Killed a minotaur
 11901 | Gauntlet | Reached XP level 12. HP: 97/112 MP: 11/11
 12047 | Gauntlet | Got a faintly glowing leather armour
 12060 | Lair:2   | Identified the cursed +0 leather armour of Ylog {rF- rC+
                  | MR+ Dex+4} (You found it in a Gauntlet)
 12082 | Lair:2   | Noticed a six-headed hydra
 12092 | Lair:2   | Killed a two-headed hydra
 12379 | Lair:2   | Reached skill level 13 in Armour
 13034 | Lair:3   | Noticed a five-headed hydra
 13042 | Lair:3   | Killed a one-headed hydra
 13042 | Lair:3   | Reached skill level 1 in Long Blades
 13881 | Lair:4   | Reached skill level 14 in Armour
 13883 | Lair:4   | Found a staircase to the Shoals.
 14299 | Lair:4   | Noticed an eight-headed hydra
 14304 | Lair:4   | Killed an eight-headed hydra
 14362 | Lair:4   | Found a staircase to the Snake Pit.
 14372 | Lair:4   | Received a gift from Trog
 14930 | Lair:5   | Reached XP level 13. HP: 37/122 MP: 12/12
 15187 | Lair:5   | Gained mutation: You expend magic power (3 MP) to
                  | strengthen your wands. [evolution]
 15187 | Lair:5   | Lost mutation: You evolve. [end of evolution]
 16014 | Lair:5   | Reached skill level 15 in Armour
 16290 | Lair:6   | Entered Level 6 of the Lair of Beasts
 16715 | Lair:6   | Found a staircase to the Slime Pits.
 16755 | Lair:6   | Reached skill level 5 in Long Blades
 16767 | Lair:6   | Received a gift from Trog
 17444 | Lair:6   | Reached skill level 16 in Armour
 17709 | Lair:6   | Identified a scroll of acquirement
 17822 | Lair:6   | Found a transporter.
 17824 | Lair:6   | Found a transporter.
 17825 | Lair:6   | Found the +8 demon trident "Rift" {distort, reach+}
 17825 | Lair:6   | Noticed Sedillia's ghost (journeyman DDFi)
 17830 | Lair:6   | Got an ancient war axe
 17831 | Lair:6   | Identified the cursed +1 war axe "Ruod" {pain, *Slow Dex+7}
                  | (You found it on level 6 of the Lair of Beasts)
 17869 | Lair:6   | Received a gift from Trog
 17881 | Lair:6   | Killed Sedillia's ghost
 18492 | Orc:1    | Entered Level 1 of the Orcish Mines
 18551 | Orc:1    | Reached XP level 14. HP: 133/133 MP: 13/13
 18823 | Orc:2    | Entered Level 2 of the Orcish Mines
 18824 | Orc:2    | Found a staircase to the Elven Halls.
 18892 | Orc:1    | Identified the +2 chain mail of Dice, Bag, and Bottle
                  | {*Contam Harm rC++ Dex+2}
 18894 | Orc:1    | Identified the +6 chain mail of the Dolphin {MP+9 Int+4
                  | Dex+5 Stlth-}
 19366 | Orc:1    | Noticed an orc warlord
 19372 | Orc:1    | Killed an orc warlord
 19682 | Orc:2    | Reached skill level 10 in Long Blades
 19954 | Orc:2    | Found a roughly hewn altar of Beogh.
 20255 | Orc:2    | Noticed Saint Roka
 20259 | Orc:2    | Found Wihuporoim's Magic Scroll Shoppe.
 20530 | Orc:1    | Slain by an orc knight

Illustrated notes

Levels and vault maps discovered:
D:1:      minmay_arrival_cross, layout_rooms
D:2:      layout_loops_ring, lemuel_round_altar
D:3:      layout_loops_cross, first_ration, grunt_ministairs_13,
          kennysheep_cross_bottleneck, minmay_misc_feat_square, uniq_terence
D:4:      layout_basic, minmay_temple_entry_proselytizer,
          hellmonk_ghost_happy_afterlife, serial_shops, shop
D:5:      cheibrodos_barr_body, layout_basic, serial_shops,
          nicolae_shop_waterfront, kennysheep_generic_room_6, uniq_eustachio,
          uniq_crazy_yiuf_cottage, uniq_sigmund, uniq_grinder
D:6:      layout_basic, basic_altar
D:7:      layout_basic, nemelex_dance_club_becter, uniq_joseph, uniq_menkaure
D:8:      layout_cave_pools, uniq_maggie, uniq_harold, uniq_pikel, uniq_maurice
D:9:      kennysheep_six_static_rooms, layout_irregular_city, david_orc_5,
          cheibriados_altar_1, uniq_erica
D:10:     layout_rooms, david_lair_shrubbed, grunt_livestock
D:11:     minmay_coctagon, layout_gridville
Lair:1:   layout_small_grid, serial_bayou_shore_a, infiniplex_staircase_pool,
          uniq_grum
Lair:2:   layout_roguey, portal_ice_cave_demonic_guard, gauntlet_entry_generic
Lair:3:   layout_roguey
Lair:4:   layout_gridlike, elwin_shoals_entry_stream,
          guppyfry_snake_entry_island, lemuel_fruit_fields, serial_bayou_shore_b
Lair:5:   layout_cellular_growth
Lair:6:   gammafunk_lair_ancient_temple, layout_small_grid,
          minmay_slime_entry_oklob_open, gammafunk_ghost_hive, special_room
          [special_room_bee]
Orc:1:    layout_caves, elf_legates
Orc:2:    st_orc_town, layout_caves, uniq_saint_roka

Skill      XL: |  1  2  3  4  5  6  7  8  9 10 11 12 13 14 |
---------------+-------------------------------------------+-----
Axes           | 4 5 6 8 9 11 13 14 | 14.5
Fighting       | 4 5 6 7 8 9 12 13 14 | 14.6
Dodging        | 3 4 5 7 8 9 |  9.1
Stealth        | 1 2 |  2.9
Armour         | 3 4 6 8 9 12 14 16 | 16.0
Long Blades    | 3 6 10 | 10.8

Action                   |  1- 3 |  4- 6 |  7- 9 | 10-12 | 13-15 || total
-------------------------+-------+-------+-------+-------+-------++-------
Melee: Hand axe          |    62 |   144 |   168 |       |       ||   374
       Headbutt          |    14 |    25 |    49 |   129 |   102 ||   319
       War axe           |       |       |    84 |   479 |   379 ||   942
       Scimitar          |       |       |       |    12 |     4 ||    16
       Double sword      |       |       |       |       |     3 ||     3
Invok: Berserk           |     1 |     3 |     5 |     4 |     4 ||    17
       Trog's Hand       |       |     1 |     2 |       |     5 ||     8
       Brothers in Arms  |       |       |       |       |     4 ||     4
  Use: Potion            |       |     2 |     2 |     1 |     2 ||     7
       Scroll            |       |       |    13 |     6 |     8 ||    27
 Stab: Sleeping          |     1 |       |       |       |       ||     1
  Eat: Chunk             |     1 |    10 |     7 |    15 |    14 ||    47
       Ration            |       |     1 |     2 |     4 |     3 ||    10
Armor: Animal skin       |    15 |    16 |       |       |       ||    31
       Chain mail        |       |    28 |   123 |   210 |   164 ||   525
Dodge: Dodged            |    45 |   103 |    94 |   290 |   346 ||   878
Block: Other             |       |       |       |       |    29 ||    29
       Reflection        |       |       |       |       |     1 ||     1
       Rpst.: Scimitar   |       |       |       |     4 |     2 ||     6
